 Dungeon Crawl Stone Soup version 0.30.0-29-ga12c61a403 (webtiles) character file.

Game seed: 3635161140035370498

99409 qw the Severer (level 16, 0/104 HPs)
             Began as a Gargoyle Fighter on June 5, 2023.
             Was an Elder of Okawaru.
             Killed by divine providence
             ... invoked by an orc priest
              (9 damage)
             ... on level 2 of the Orcish Mines.
             The game lasted 00:12:21 (20217 turns).

qw the Severer (Gargoyle Fighter)                  Turns: 20217, Time: 00:12:22

Health: 0/104      AC: 41    Str: 26    XL:     16   Next: 25%
Magic:  23/23      EV:  9    Int: 16    God:    Okawaru [****..]
Gold:   2392       SH: 18    Dex:  8    Spells: 15/15 levels left

rFire   + + +        Y - +1 broad axe (elec)
rCold   + . .        A - +0 tower shield
rNeg    + + .        c - +3 plate armour {rC+}
rPois   inf          p - +2 helmet
rElec   +            i - +2 cloak
rCorr   .            (no gloves)
SInv    +            g - +1 pair of boots "Arusayta" {*Corrode rF+++ Int+2 Slay-3 SInv}
Will    ++...        n - amulet of regeneration Stlth
                     s - ring of willpower
HPRegen 1.17/turn    t - ring of positive energy
MPRegen 0.18/turn

%: corrode self (3%)
@: heroic, flying
A: sickness immunity, AC +12, big wings, negative energy resistance 1,
electricity resistance, torment resistance 1, petrification resistance, clever
1, shaggy fur 1
a: Renounce Religion, Heroism, Finesse


You were on level 2 of the Orcish Mines.
You worshipped Okawaru.
Okawaru was greatly pleased with you.
You visited 4 branches of the dungeon, and saw 23 of its levels.

You collected 2392 gold pieces.


Innate Abilities, Weirdness & Mutations

You are immune to sickness and miasma.
Your stone body is resilient. (AC +12)
You are immune to poison.
Your large and strong wings let you fly.
You resist negative energy. (rN+)
You are resistant to electric shocks. (rElec)
You are resistant to unholy torment.
You are immune to petrification.
Your mind is acute. (Int +4, Str/Dex -1)
You are covered in fur. (AC +1)


   Skills:
 - Level 13.0(18.0) Fighting
 - Level 17.2(22.2) Axes
 - Level 7.2(12.2) Throwing
 - Level 8.0(13.0) Armour
 - Level 5.0(10.0) Dodging
 + Level 13.2(18.2) Shields
 - Level 10.0 Invocations


You had 15 spell levels left.
You didn't know any spells.
Your spell library was empty.

Inventory:

Hand Weapons
 x - a +0 hand axe of flaming
 Y - a +1 broad axe of electrocution (weapon)
Missiles
 u - 17 boomerangs
 v - 9 javelins (quivered)
Armour
 c - a +3 plate armour of cold resistance (worn)
 g - the +1 pair of boots "Arusayta" (worn) {*Corrode rF+++ Int+2 Slay-3 SInv}
   (You acquired it on level 5 of the Lair of Beasts)

   Int:       It affects your intelligence (+2).
   Slay:      It affects your accuracy & damage with ranged weapons and melee
   (-3).
   rF:        It renders you almost immune to fire.
   SInv:      It lets you see invisible.
   *Corrode:  It may corrode you when you take damage.
 i - a +2 cloak (worn)
 m - the +0 pair of boots of Grand Creativity {rN+ Dex+2 Stlth+}
   (Okawaru gifted it to you on level 9 of the Dungeon)

   Dex:       It affects your dexterity (+2).
   rN:        It protects you from negative energy.
   Stlth:     It makes you more stealthy.
 p - a +2 helmet (worn)
 y - the +4 scale mail of Lifelessness {rCorr Int-2 Dex-2 Stlth+}
   (You found it on level 11 of the Dungeon)

   Int:       It affects your intelligence (-2).
   Dex:       It affects your dexterity (-2).
   rCorr:     It protects you from acid and corrosion.
   Stlth:     It makes you more stealthy.
 A - a +0 tower shield (worn)
Jewellery
 n - an amulet of regeneration (around neck)
 s - a ring of willpower (left hand)
 t - a ring of positive energy (right hand)
Wands
 z - a wand of digging (14)
Scrolls
 a - 13 scrolls of identify
 o - 9 scrolls of teleportation
Potions
 b - 2 potions of haste
 d - 5 potions of might
 e - 6 potions of lignification
 f - 3 potions of attraction
 h - 5 potions of heal wounds
 k - 11 potions of curing
 l - 4 potions of magic
 r - 4 potions of mutation
 w - a potion of resistance
 B - a potion of cancellation

Dungeon Overview and Level Annotations

Branches:
Dungeon (15/15)            Temple (1/1) D:6            Lair (5/5) D:8
  Swamp (0/4) Lair:3       Spider (0/4) Lair:2        Slime (0/5) Lair:5
    Orc (2/2) D:10            Elf (0/3) Orc:2        Vaults (0/5) D:14
 Depths (0/4) D:15

Altars:
Ashenzari
Cheibriados
Dithmenos
Elyvilon
Fedhas
Gozag
Hepliaklqana
Kikubaaqudgha
Makhleb
Nemelex Xobeh
Okawaru
Qazlal
Ru
Sif Muna
Trog
Uskayaw
Vehumet
Wu Jian
Xom
Yredelemnul
Zin
The Shining One
Lugonu

Portals:
Abyss: Lair:5
Bailey: D:7

Annotations:
Orc:2 Saint Roka


Message History

Enter note:
Enter note:
Enter note:
Enter note:
Enter note:
Enter note:
Enter note:
Enter note: The orc warlord blocks your attack.
The orc warlord is lightly wounded.
You closely miss the orc wizard. You slash the orc wizard!
You kill the orc wizard!
Okawaru accepts your kill.
You hit the orc knight but do no damage.
Lightning courses through the orc knight!
You hit the orc warrior but do no damage.
You hear a shout!
The orc warrior hits you from afar with a +0 glaive!!
The orc warrior hits you but does no damage.
The orc priest mumbles some strange prayers to Beogh against you.
Beogh smites you! The orc warlord barely misses you.
An orc high priest comes into view. It is wielding a +0 mace.
Enter note:
Enter note:
Enter note:
Enter note:
Enter note:
Enter note:
Enter note:
Enter note:
20217 ||| STAIRDANCE The orc warrior hits you from afar with a +0 glaive!
You block the orc warrior's attack. x2
The orc wizard hits you but does no damage.
The orc warlord hits you but does no damage.
The orc knight closely misses you.
The orc high priest utters an invocation to Beogh.
The orc priest invokes the aid of Beogh against you.
Beogh smites you!
You die...

..############.
.....oo@ooo.o..
.o......ooooo....
.......ooooo.....
.........oooo.o..
.....$.......oo...
.........oo.....#.
..........3.......
.......[)o........
.....3.)))......


You could see Saint Roka (strong), an orc warlord (strong), an orc knight
(strong), 2 orc high priests, a neqoxec (summoned), 5 orc warriors, 7 orc
priests, 4 orc wizards and 5 orcs.

Vanquished Creatures
  Rupert (D:12)
  Jorgrun (D:15)
  Kirke (D:14)
  Frances (D:13)
  Louise (D:14)
  An orc warlord (Orc:1)
  Snorg (D:13)
  Josephine (Lair:3)
  3 hydras
  Harold (D:11)
  Erolcha (D:13)
  An ogre mage (D:15)
  2 catoblepae
  2 centaur warriors
  6 two-headed ogres
  2 boulder beetles
  2 tengu warriors
  6 death yaks (Lair:5)
  3 thrashing horrors (Lair:5)
  Urug (D:12)
  An orc high priest (Orc:2)
  5 skysharks
  2 skeletal warriors
  A golden dragon skeleton (D:15)
  A wizard (D:15)
  A phantasmal warrior (D:15)
  3 orc knights
  3 orc sorcerers
  A necromancer (D:15)
  A wolf spider (Lair:2)
  21 ugly things
  3 deep elf pyromancers
  A large abomination (Lair:5)
  8 cyclopes
  2 frost giant zombies (D:15)
  3 smoke demons (Lair:5)
  Maurice (D:12)
  8 elephants
  2 black mambas
  Joseph (D:7)
  17 cane toads
  A gargoyle (D:10)
  2 torpor snails
  An efreet (D:15)
  4 rime drakes
  4 centaur skeletons (D:14)
  11 komodo dragons
  5 yaktaurs (D:14)
  2 kobold demonologists (D:10)
  3 ancient zymes (Lair:5)
  6 tengu conjurers
  3 burning bushes (Lair:5)
  A guardian mummy (D:15)
  A troll (shapeshifter) (Lair:5)
  3 trolls
  2 polar bears
  28 blink frogs
  4 dream sheep (Lair:4)
  An ettin skeleton (D:15)
  8 slime creatures
  3 shadows
  2 ynoxinuls (Lair:5)
  3 wyverns
  9 basilisks
  35 yaks
  A spriggan (Lair:5)
  4 hogs (D:14)
  A human (D:14)
  A golden eye (shapeshifter) (D:13)
  5 wraiths
  2 chaos spawn (Lair:5)
  A steam dragon (D:10)
  10 vampire mosquitoes
  5 wargs
  6 acid dragons
  9 small abominations (Lair:5)
  13 water moccasins
  An ice beast (D:6)
  2 sky beasts
  21 orc warriors
  8 ogres
  2 boggarts (D:14)
  A black bear (D:7)
  18 wolves
  6 centaurs
  A phantom (D:6)
  2 kobold brigands
  Blork the orc (D:5)
  A scorpion (Lair:1)
  10 bullfrogs
  A gnoll sergeant (D:11)
  8 earth elementals (D:12)
  9 wights
  4 howler monkeys
  A gnoll bouda (D:5)
  4 hounds
  4 jellies (Lair:5)
  21 orc priests
  A sleepcap (D:7)
  4 iguanas
  25 orc wizards
  6 hell rats (Lair:1)
  10 gnolls
  5 adders
  An ufetubus (D:6)
  A worm (D:2)
  4 dart slugs
  90 orcs
  4 bats
  8 endoplasms
  4 giant cockroaches
  3 goblins
  12 hobgoblins
  6 jackals
  14 kobolds
  5 quokkas
  5 ball pythons
  5 frilled lizards
  6 rats
  A spectral hobgoblin (D:14)
  A butterfly (Lair:4)
671 creatures vanquished.

Vanquished Creatures (others)
  A wizard (D:15)
  A boggart (D:14)
2 creatures vanquished.

Grand Total: 673 creatures vanquished

Notes
Turn   | Place    | Note
-------+----------+-------------------------------------------
     0 | D:1      | qw the Gargoyle Fighter began the quest for the Orb.
     0 | D:1      | Reached XP level 1. HP: 14/14 MP: 1/1
     0 | D:1      | 0 ||| qw: Version: 0.2-a-108-gee2c290
     0 | D:1      | 0 ||| qw: Game counter: 1501
     0 | D:1      | 0 ||| qw: Always use a shield: true
     0 | D:1      | 0 ||| qw: God list: Okawaru
     0 | D:1      | 0 ||| qw: Allow faded altars: false
     0 | D:1      | 0 ||| qw: Do Orc after D:15 true
     0 | D:1      | 0 ||| qw: Do second Lair branch before Depths: true
     0 | D:1      | 0 ||| qw: Lair rune preference: random
     0 | D:1      | 0 ||| qw: Plans: Normal, Zot:1-4, Slime:5, God:TSO, Crypt,
                  | Tomb, Abyss, Pan, Hells, Win
     0 | D:1      | 0 ||| PLANNING D:1-11
    66 | D:1      | Reached skill level 2 in Axes
   183 | D:1      | Reached XP level 2. HP: 18/19 MP: 2/2
   220 | D:1      | 220 ||| Stepping ~*~*~tactically~*~*~ (stealth).
   221 | D:1      | 221 ||| Stepping ~*~*~tactically~*~*~ (stealth).
   442 | D:1      | Reached skill level 3 in Axes
   456 | D:1      | Reached XP level 3. HP: 23/23 MP: 3/3
   949 | D:1      | 949 ||| READING scroll labelled YQAHUU MIMOOLL.
  1222 | D:2      | Found a faded altar of an unknown god.
  1261 | D:2      | 1261 ||| READING scroll labelled GIYVUNLASH.
  1262 | D:2      | 1262 ||| DRINKING 2 dark potions.
  1413 | D:2      | Reached XP level 4. HP: 28/28 MP: 4/4
  1435 | D:2      | 1435 ||| Stepping ~*~*~tactically~*~*~ (hiding).
  1883 | D:2      | Reached skill level 4 in Axes
  1947 | D:2      | 1947 ||| READING scroll labelled MARUSI EMAI.
  1951 | D:2      | 1951 ||| READING scroll labelled DADOLOAREH.
  1952 | D:2      | 1952 ||| READING scroll labelled FUHULUUJYE.
  1953 | D:2      | 1953 ||| DRINKING 2 gluggy blue potions.
  1988 | D:2      | 1988 ||| DRINKING 2 grey potions.
  2022 | D:3      | 2022 ||| Stepping ~*~*~tactically~*~*~ (stealth).
  2033 | D:3      | 2033 ||| Stepping ~*~*~tactically~*~*~ (stealth).
  2182 | D:3      | 2182 ||| Stepping ~*~*~tactically~*~*~ (stealth).
  2320 | D:3      | Found a shimmering blue altar of Sif Muna.
  2531 | D:3      | 2531 ||| READING scroll labelled TEHAHA VYUT.
  2532 | D:3      | 2532 ||| READING scroll labelled LYLUYF ISCHE.
  2533 | D:3      | 2533 ||| DRINKING 3 smoky dark potions.
  2534 | D:3      | 2534 ||| READING 3 scrolls of identify.
  2534 | D:3      | 2534 ||| IDENTIFYING amethyst potion
  2535 | D:3      | 2535 ||| READING 2 scrolls of identify.
  2535 | D:3      | 2535 ||| IDENTIFYING cyan potion
  2536 | D:3      | 2536 ||| DROPPING potion of degeneration.
  2537 | D:3      | 2537 ||| DROPPING 2 potions of invisibility.
  2597 | D:4      | Noticed a bullfrog
  2607 | D:4      | Killed a bullfrog
  2608 | D:4      | Reached XP level 5. HP: 28/32 MP: 5/5
  2653 | D:4      | 2653 ||| Stepping ~*~*~tactically~*~*~ (stealth).
  2655 | D:4      | 2655 ||| Stepping ~*~*~tactically~*~*~ (hiding).
  2658 | D:4      | 2658 ||| Stepping ~*~*~tactically~*~*~ (hiding).
  2672 | D:4      | Reached skill level 5 in Axes
  2710 | D:4      | Identified the +4 ring mail of Gagicu Fehi {Regen+ Dex+3
                  | Slay+2}
  2794 | D:4      | 2794 ||| Stepping ~*~*~tactically~*~*~ (stealth).
  2948 | D:4      | 2948 ||| DROPPING +0 whip.
  3009 | D:4      | 3009 ||| UPGRADING to +4 ring mail of Gagicu Fehi {Regen+
                  | Dex+3 Slay+2}.
  3020 | D:4      | 3020 ||| DROPPING +0 scale mail.
  3021 | D:4      | 3021 ||| UPGRADING to +0 helmet.
  3399 | D:4      | 3399 ||| UPGRADING to amulet of regeneration.
  3404 | D:4      | 3404 ||| READING scroll labelled RIPRAS ULUMY.
  3440 | D:5      | Entered Level 5 of the Dungeon
  3450 | D:5      | 3450 ||| DRINKING 2 potions of curing.
  3450 | D:5      | 3450 ||| (to cure confusion)
  3454 | D:5      | Reached skill level 1 in Dodging
  3454 | D:5      | Reached XP level 6. HP: 38/38 MP: 6/6
  3475 | D:5      | 3475 ||| Stepping ~*~*~tactically~*~*~ (stealth).
  3492 | D:5      | 3492 ||| Stepping ~*~*~tactically~*~*~ (stealth).
  3493 | D:5      | 3493 ||| Stepping ~*~*~tactically~*~*~ (stealth).
  3512 | D:5      | 3512 ||| Stepping ~*~*~tactically~*~*~ (stealth).
  3513 | D:5      | 3513 ||| Stepping ~*~*~tactically~*~*~ (stealth).
  3520 | D:5      | 3520 ||| Stepping ~*~*~tactically~*~*~ (stealth).
  3521 | D:5      | 3521 ||| Stepping ~*~*~tactically~*~*~ (stealth).
  3548 | D:5      | 3548 ||| Stepping ~*~*~tactically~*~*~ (stealth).
  3558 | D:5      | Found a snail-covered altar of Cheibriados.
  3673 | D:5      | Found a glowing silver altar of Zin.
  3697 | D:5      | 3697 ||| DROPPING +0 flail.
  3709 | D:5      | Noticed Blork the orc
  3715 | D:5      | Killed Blork the orc
  3716 | D:5      | Reached skill level 6 in Axes
  3716 | D:5      | Reached XP level 7. HP: 43/43 MP: 7/7
  3720 | D:5      | 3720 ||| SWAPPING to +0 broad axe.
  3721 | D:5      | 3721 ||| DROPPING +1 war axe.
  3771 | D:5      | 3771 ||| Stepping ~*~*~tactically~*~*~ (stealth).
  4153 | D:5      | 4153 ||| UPGRADING to +0 cloak.
  4158 | D:5      | 4158 ||| READING scroll labelled MAALOTHIHOEW.
  4159 | D:5      | 4159 ||| DROPPING +0 morningstar.
  4160 | D:5      | 4160 ||| READING 2 scrolls of identify.
  4160 | D:5      | 4160 ||| IDENTIFYING purple potion
  4177 | D:6      | Reached skill level 7 in Axes
  4236 | D:6      | 4236 ||| Stepping ~*~*~tactically~*~*~ (stealth).
  4248 | D:6      | Reached skill level 1 in Throwing
  4248 | D:6      | Reached XP level 8. HP: 49/49 MP: 8/8
  4383 | D:6      | Found a staircase to the Ecumenical Temple.
  4384 | D:6      | 4384 ||| PLANNING TEMPLE
  4393 | Temple   | Entered the Ecumenical Temple
  4449 | Temple   | 4449 ||| PLANNING OKAWARU WORSHIP
  4879 | Temple   | Became a worshipper of Warmaster Okawaru
  4879 | Temple   | 4879 ||| PLANNING D:1-11
  5003 | D:6      | 5003 ||| READING 3 scrolls of brand weapon.
  5003 | D:6      | 5003 ||| BRANDING +0 broad axe of flaming.
  5004 | D:6      | 5004 ||| READING 2 scrolls of brand weapon.
  5004 | D:6      | 5004 ||| BRANDING +0 heavy broad axe.
  5005 | D:6      | 5005 ||| READING scroll of brand weapon.
  5005 | D:6      | 5005 ||| BRANDING +0 broad axe of freezing.
  5029 | D:6      | 5029 ||| FLEEEEING.
  5094 | D:6      | 5094 ||| Stepping ~*~*~tactically~*~*~ (stealth).
  5102 | D:6      | Reached skill level 8 in Axes
  5122 | D:6      | 5122 ||| DROPPING +0 flail.
  5225 | D:6      | 5225 ||| Stepping ~*~*~tactically~*~*~ (hiding).
  5254 | D:6      | 5254 ||| Stepping ~*~*~tactically~*~*~ (stealth).
  5255 | D:6      | 5255 ||| Stepping ~*~*~tactically~*~*~ (stealth).
  5257 | D:6      | 5257 ||| Stepping ~*~*~tactically~*~*~ (hiding).
  5478 | D:6      | 5478 ||| READING scroll labelled SINYRA PAJI.
  5586 | D:6      | 5586 ||| DRINKING 2 fizzy black potions.
  5587 | D:6      | 5587 ||| READING 2 scrolls of identify.
  5587 | D:6      | 5587 ||| IDENTIFYING red potion
  5588 | D:6      | 5588 ||| DROPPING potion of ambrosia.
  5629 | D:7      | Reached skill level 6 in Fighting
  5633 | D:7      | Reached * piety under Okawaru
  5675 | D:7      | 5675 ||| Stepping ~*~*~tactically~*~*~ (hiding).
  5680 | D:7      | 5680 ||| INVOKING Heroism.
  5681 | D:7      | 5681 ||| INVOKING Heroism.
  5699 | D:7      | Noticed Joseph
  5717 | D:7      | Killed Joseph
  5718 | D:7      | Reached skill level 9 in Axes
  5718 | D:7      | Reached XP level 9. HP: 42/55 MP: 9/9
  5751 | D:7      | Found a flagged portal.
  5754 | D:7      | 5754 ||| Stepping ~*~*~tactically~*~*~ (stealth).
  5755 | D:7      | 5755 ||| Stepping ~*~*~tactically~*~*~ (stealth).
  5758 | D:7      | 5758 ||| INVOKING Heroism.
  5764 | D:7      | Reached skill level 1 in Invocations
  5782 | D:7      | 5782 ||| Stepping ~*~*~tactically~*~*~ (stealth).
  5795 | D:7      | 5795 ||| Stepping ~*~*~tactically~*~*~ (stealth).
  5931 | D:7      | 5931 ||| Stepping ~*~*~tactically~*~*~ (stealth).
  5933 | D:7      | 5933 ||| Stepping ~*~*~tactically~*~*~ (hiding).
  5950 | D:7      | 5950 ||| Stepping ~*~*~tactically~*~*~ (stealth).
  6004 | D:7      | Identified the +0 leather armour "Uddek" {rElec rN+++ Str+4
                  | Dex-3}
  6232 | D:7      | 6232 ||| READING 4 scrolls of identify.
  6232 | D:7      | 6232 ||| IDENTIFYING metallic sapphire potion
  6233 | D:7      | 6233 ||| READING 3 scrolls of identify.
  6233 | D:7      | 6233 ||| IDENTIFYING sedimented blue potion
  6234 | D:7      | 6234 ||| READING 2 scrolls of identify.
  6234 | D:7      | 6234 ||| IDENTIFYING fizzy clear potion
  6235 | D:7      | 6235 ||| DROPPING potion of flight.
  6269 | D:8      | 6269 ||| PLANNING OSSUARY
  6310 | D:8      | 6310 ||| INVOKING Heroism.
  6312 | D:8      | 6312 ||| DRINKING 4 potions of curing.
  6312 | D:8      | 6312 ||| (to cure confusion)
  6318 | D:8      | Reached skill level 3 in Invocations
  6344 | D:8      | 6344 ||| Stepping ~*~*~tactically~*~*~ (hiding).
  6437 | D:8      | Found a broken altar of Ashenzari.
  6476 | D:8      | Found a staircase to the Lair.
  6552 | D:8      | Reached ** piety under Okawaru
  6556 | D:8      | 6556 ||| INVOKING Heroism.
  6695 | D:8      | Found a sand-covered staircase.
  6801 | D:8      | 6801 ||| Stepping ~*~*~tactically~*~*~ (hiding).
  6985 | D:8      | 6985 ||| RIP OSSUARY
  7045 | D:8      | 7045 ||| PLANNING LAIR
  7045 | D:8      | 7045 ||| DROPPING orb of guile.
  7046 | D:8      | 7046 ||| READING scroll labelled YSKUVOM FODACK.
  7094 | Lair:1   | Entered Level 1 of the Lair of Beasts
  7138 | Lair:1   | Noticed a cane toad
  7139 | Lair:1   | 7139 ||| INVOKING Heroism.
  7144 | Lair:1   | Reached skill level 10 in Axes
  7149 | Lair:1   | Killed a cane toad
  7150 | Lair:1   | Reached XP level 10. HP: 51/64 MP: 11/13
  7153 | Lair:1   | Reached *** piety under Okawaru
  7319 | Lair:1   | Noticed a cane toad
  7320 | Lair:1   | 7320 ||| Stepping ~*~*~tactically~*~*~ (hiding).
  7320 | Lair:1   | Noticed a cane toad
  7321 | Lair:1   | 7321 ||| INVOKING Heroism.
  7325 | Lair:1   | Killed a cane toad
  7335 | Lair:1   | Reached skill level 11 in Axes
  7346 | Lair:1   | 7346 ||| INVOKING Heroism.
  7353 | Lair:1   | Killed a cane toad
  7354 | Lair:1   | Reached skill level 3 in Dodging
  7449 | Lair:1   | 7449 ||| INVOKING Heroism.
  7456 | Lair:1   | Reached skill level 9 in Fighting
  7463 | Lair:1   | Reached **** piety under Okawaru
  7587 | Lair:1   | 7587 ||| Stepping ~*~*~tactically~*~*~ (stealth).
  7666 | Lair:1   | Identified the +1 leather armour of Pearcheso {rF+ Will+
                  | Int-3}
  7735 | Lair:1   | Noticed a catoblepas
  7736 | Lair:1   | 7736 ||| Stepping ~*~*~tactically~*~*~ (hiding).
  7739 | Lair:1   | 7739 ||| INVOKING Heroism.
  7745 | Lair:1   | Killed a catoblepas
  7746 | Lair:1   | Reached XP level 11. HP: 71/71 MP: 11/14
  7758 | Lair:1   | 7758 ||| Stepping ~*~*~tactically~*~*~ (stealth).
  7767 | Lair:1   | 7767 ||| FLEEEEING.
  7768 | Lair:1   | 7768 ||| FLEEEEING.
  7770 | Lair:1   | 7770 ||| FLEEEEING.
  7771 | Lair:1   | 7771 ||| FLEEEEING.
  7772 | Lair:1   | 7772 ||| FLEEEEING.
  7773 | Lair:1   | 7773 ||| FLEEEEING.
  7774 | Lair:1   | 7774 ||| FLEEEEING.
  7775 | Lair:1   | 7775 ||| FLEEEEING.
  7776 | Lair:1   | 7776 ||| FLEEEEING.
  7777 | Lair:1   | 7777 ||| FLEEEEING.
  7778 | Lair:1   | 7778 ||| FLEEEEING.
  7780 | Lair:1   | 7780 ||| FLEEEEING.
  7781 | Lair:1   | 7781 ||| INVOKING Heroism.
  7976 | Lair:1   | 7976 ||| Stepping ~*~*~tactically~*~*~ (stealth).
  8049 | Lair:1   | 8049 ||| READING 3 scrolls of identify.
  8049 | Lair:1   | 8049 ||| IDENTIFYING green potion
  8050 | Lair:1   | 8050 ||| READING 2 scrolls of identify.
  8050 | Lair:1   | 8050 ||| IDENTIFYING sedimented purple potion
  8051 | Lair:1   | 8051 ||| DROPPING potion of berserk rage.
  8052 | Lair:1   | 8052 ||| DROPPING potion of brilliance.
  8078 | Lair:2   | 8078 ||| INVOKING Heroism.
  8086 | Lair:2   | Reached skill level 12 in Axes
  8152 | Lair:2   | Found a hole to the Spider Nest.
  8152 | Lair:2   | Noticed a wolf spider
  8153 | Lair:2   | 8153 ||| INVOKING Heroism.
  8161 | Lair:2   | Killed a wolf spider
  8184 | Lair:2   | 8184 ||| Stepping ~*~*~tactically~*~*~ (stealth).
  8187 | Lair:2   | 8187 ||| Stepping ~*~*~tactically~*~*~ (stealth).
  8192 | Lair:2   | Reached skill level 6 in Invocations
  8200 | Lair:2   | 8200 ||| Stepping ~*~*~tactically~*~*~ (stealth).
  8205 | Lair:2   | 8205 ||| INVOKING Heroism.
  8233 | Lair:2   | 8233 ||| INVOKING Heroism.
  8237 | Lair:2   | Reached skill level 6 in Shields
  8260 | Lair:2   | 8260 ||| Stepping ~*~*~tactically~*~*~ (stealth).
  8311 | Lair:2   | 8311 ||| INVOKING Heroism.
  8336 | Lair:2   | Reached ***** piety under Okawaru
  8343 | Lair:2   | 8343 ||| INVOKING Heroism.
  8356 | Lair:2   | 8356 ||| INVOKING Heroism.
  8389 | Lair:2   | 8389 ||| Stepping ~*~*~tactically~*~*~ (stealth).
  8391 | Lair:2   | 8391 ||| INVOKING Heroism.
  8393 | Lair:2   | 8393 ||| Stepping ~*~*~tactically~*~*~ (stealth).
  8394 | Lair:2   | 8394 ||| Stepping ~*~*~tactically~*~*~ (stealth).
  8430 | Lair:2   | 8430 ||| Stepping ~*~*~tactically~*~*~ (stealth).
  8438 | Lair:2   | 8438 ||| INVOKING Heroism.
  8486 | Lair:2   | Reached XP level 12. HP: 67/77 MP: 18/18
  8622 | Lair:2   | 8622 ||| INVOKING Heroism.
  8653 | Lair:2   | 8653 ||| INVOKING Heroism.
  8666 | Lair:2   | Reached skill level 9 in Invocations
  8702 | Lair:2   | 8702 ||| Stepping ~*~*~tactically~*~*~ (stealth).
  9032 | Lair:2   | 9032 ||| Stepping ~*~*~tactically~*~*~ (stealth).
  9076 | Lair:2   | Received a gift from Okawaru
  9224 | Lair:2   | 9224 ||| UPGRADING to +2 cloak.
  9234 | Lair:2   | 9234 ||| DROPPING +0 cloak.
  9235 | Lair:2   | 9235 ||| READING scroll labelled QUIBBI RICO.
  9236 | Lair:2   | 9236 ||| READING scroll labelled OSHRICR VISIG.
  9237 | Lair:2   | 9237 ||| READING 2 scrolls of identify.
  9237 | Lair:2   | 9237 ||| IDENTIFYING smoky purple potion
  9271 | Lair:3   | 9271 ||| INVOKING Heroism.
  9286 | Lair:3   | Reached skill level 13 in Axes
  9367 | Lair:3   | Noticed a skyshark
  9385 | Lair:3   | Killed a skyshark
  9514 | Lair:3   | Noticed a skyshark
  9524 | Lair:3   | Killed a skyshark
  9548 | Lair:3   | Received a gift from Okawaru
  9558 | Lair:3   | 9558 ||| Stepping ~*~*~tactically~*~*~ (stealth).
  9563 | Lair:3   | 9563 ||| Stepping ~*~*~tactically~*~*~ (stealth).
  9563 | Lair:3   | Noticed Josephine
  9564 | Lair:3   | 9564 ||| Stepping ~*~*~tactically~*~*~ (stealth).
  9565 | Lair:3   | Found a staircase to the Swamp.
  9566 | Lair:3   | 9566 ||| Stepping ~*~*~tactically~*~*~ (hiding).
  9580 | Lair:3   | Killed Josephine
  9581 | Lair:3   | Reached skill level 3 in Throwing
  9673 | Lair:3   | Noticed a six-headed hydra
  9674 | Lair:3   | 9674 ||| INVOKING Heroism.
  9676 | Lair:3   | 9676 ||| SWAPPING to +0 hand axe of flaming.
  9684 | Lair:3   | Killed a one-headed hydra
  9685 | Lair:3   | 9685 ||| SWAPPING to +0 broad axe of electrocution.
  9694 | Lair:3   | 9694 ||| Stepping ~*~*~tactically~*~*~ (stealth).
  9727 | Lair:3   | 9727 ||| INVOKING Heroism.
  9797 | Lair:3   | Received a gift from Okawaru
  9806 | Lair:3   | 9806 ||| INVOKING Heroism.
  9811 | Lair:3   | Received a gift from Okawaru
  9812 | Lair:3   | Reached skill level 14 in Axes
  9812 | Lair:3   | Reached XP level 13. HP: 59/82 MP: 17/20
  9826 | Lair:3   | 9826 ||| DROPPING +2 war axe of draining.
 10275 | Lair:3   | 10275 ||| UPGRADING to ring of willpower.
 10276 | Lair:3   | 10276 ||| READING scroll labelled ZAEBBA EQIWICK.
 10277 | Lair:3   | 10277 ||| READING scroll labelled YLUWNA YPAOGYCH.
 10312 | Lair:4   | 10312 ||| INVOKING Heroism.
 10314 | Lair:4   | 10314 ||| INVOKING Finesse.
 10635 | Lair:4   | 10635 ||| INVOKING Heroism.
 10686 | Lair:4   | 10686 ||| Stepping ~*~*~tactically~*~*~ (stealth).
 10690 | Lair:4   | 10690 ||| INVOKING Heroism.
 10800 | Lair:4   | 10800 ||| INVOKING Heroism.
 11130 | Lair:5   | Entered Level 5 of the Lair of Beasts
 11131 | Lair:5   | 11131 ||| INVOKING Heroism.
 11137 | Lair:5   | 11137 ||| Stepping ~*~*~tactically~*~*~ (water).
 11139 | Lair:5   | Received a gift from Okawaru
 11239 | Lair:5   | 11239 ||| Stepping ~*~*~tactically~*~*~ (stealth).
 11240 | Lair:5   | 11240 ||| Stepping ~*~*~tactically~*~*~ (stealth).
 11241 | Lair:5   | 11241 ||| Stepping ~*~*~tactically~*~*~ (stealth).
 11258 | Lair:5   | 11258 ||| INVOKING Heroism.
 11274 | Lair:5   | 11274 ||| Stepping ~*~*~tactically~*~*~ (stealth).
 11281 | Lair:5   | Found a staircase to the Slime Pits.
 11314 | Lair:5   | 11314 ||| Stepping ~*~*~tactically~*~*~ (stealth).
 11317 | Lair:5   | 11317 ||| INVOKING Heroism.
 11530 | Lair:5   | 11530 ||| INVOKING Heroism.
 11531 | Lair:5   | 11531 ||| Stepping ~*~*~tactically~*~*~ (stealth).
 11532 | Lair:5   | 11532 ||| INVOKING Finesse.
 11538 | Lair:5   | Received a gift from Okawaru
 11548 | Lair:5   | Reached skill level 6 in Throwing
 11567 | Lair:5   | Received a gift from Okawaru
 11574 | Lair:5   | Reached skill level 15 in Axes
 11598 | Lair:5   | 11598 ||| DROPPING +4 heavy war axe.
 11680 | Lair:5   | 11680 ||| Stepping ~*~*~tactically~*~*~ (hiding).
 11708 | Lair:5   | 11708 ||| Stepping ~*~*~tactically~*~*~ (stealth).
 11723 | Lair:5   | Reached skill level 6 in Armour
 11727 | Lair:5   | 11727 ||| Stepping ~*~*~tactically~*~*~ (stealth).
 11729 | Lair:5   | 11729 ||| Stepping ~*~*~tactically~*~*~ (stealth).
 11733 | Lair:5   | 11733 ||| Stepping ~*~*~tactically~*~*~ (stealth).
 11736 | Lair:5   | 11736 ||| Stepping ~*~*~tactically~*~*~ (stealth).
 11744 | Lair:5   | Identified the staff of air "Betys" {rElec Str-3 Dex+4
                  | SInv}
 11749 | Lair:5   | 11749 ||| INVOKING Heroism.
 11771 | Lair:5   | Gained mutation: Your large and strong wings let you fly.
                  | [Gargoyle growth]
 11771 | Lair:5   | Reached XP level 14. HP: 86/90 MP: 21/21
 11771 | Lair:5   | 11771 ||| Stepping ~*~*~tactically~*~*~ (hiding).
 11773 | Lair:5   | 11773 ||| Stepping ~*~*~tactically~*~*~ (hiding).
 11889 | Lair:5   | 11889 ||| Stepping ~*~*~tactically~*~*~ (hiding).
 11972 | Lair:5   | Reached skill level 12 in Fighting
 11991 | Lair:5   | 11991 ||| Stepping ~*~*~tactically~*~*~ (stealth).
 12000 | Lair:5   | 12000 ||| Stepping ~*~*~tactically~*~*~ (stealth).
 12072 | Lair:5   | 12072 ||| Stepping ~*~*~tactically~*~*~ (stealth).
 12075 | Lair:5   | 12075 ||| Stepping ~*~*~tactically~*~*~ (stealth).
 12089 | Lair:5   | Received a gift from Okawaru
 12143 | Lair:5   | Found a corrupted altar of Lugonu.
 12143 | Lair:5   | Found a one-way gate to the infinite horrors of the Abyss.
 12437 | Lair:5   | 12437 ||| PLANNING D:1-11
 12437 | Lair:5   | 12437 ||| DROPPING amulet of magic regeneration.
 12438 | Lair:5   | 12438 ||| READING scroll labelled KAOQES ABLEPE.
 12438 | Lair:5   | Identified a scroll of acquirement
 12438 | Lair:5   | 12438 ||| ACQUIRING +1 pair of boots "Arusayta" {*Corrode
                  | rF+++ Int+2 Slay-3 SInv}
 12438 | Lair:5   | Acquired the +1 pair of boots "Arusayta" {*Corrode rF+++
                  | Int+2 Slay-3 SInv}
 12440 | Lair:5   | 12440 ||| UPGRADING to +1 pair of boots "Arusayta"
                  | {*Corrode rF+++ Int+2 Slay-3 SInv}.
 12651 | D:9      | 12651 ||| Stepping ~*~*~tactically~*~*~ (stealth).
 12786 | D:8      | 12786 ||| DRINKING potion of cancellation.
 12798 | D:8      | 12798 ||| READING 8 scrolls of teleportation.
 12799 | D:8      | 12799 ||| INVOKING Heroism.
 13220 | D:9      | Identified the +0 pair of boots of Grand Creativity {rN+
                  | Dex+2 Stlth+} (Okawaru gifted it to you on level 9 of the
                  | Dungeon)
 13220 | D:9      | Received a gift from Okawaru
 13221 | D:9      | Reached skill level 16 in Axes
 13250 | D:9      | Found a radiant altar of Vehumet.
 13434 | D:10     | Entered Level 10 of the Dungeon
 13545 | D:10     | 13545 ||| Stepping ~*~*~tactically~*~*~ (hiding).
 13928 | D:10     | Found a bloodstained altar of Trog.
 14014 | D:10     | Found a staircase to the Orcish Mines.
 14022 | D:10     | 14022 ||| Stepping ~*~*~tactically~*~*~ (stealth).
 14024 | D:10     | 14024 ||| Stepping ~*~*~tactically~*~*~ (hiding).
 14615 | D:11     | 14615 ||| READING scroll of enchant armour.
 14615 | D:11     | 14615 ||| ENCHANTING +0 helmet.
 14621 | D:11     | Noticed Harold
 14633 | D:11     | Killed Harold
 14678 | D:11     | Identified the +4 scale mail of Lifelessness {rCorr Int-2
                  | Dex-2 Stlth+}
 14845 | D:11     | 14845 ||| PLANNING D
 14845 | D:11     | 14845 ||| DROPPING +0 acid dragon scales.
 14875 | D:12     | Noticed Maurice
 14878 | D:12     | 14878 ||| Stepping ~*~*~tactically~*~*~ (hiding).
 14887 | D:12     | Killed Maurice
 14894 | D:12     | 14894 ||| INVOKING Heroism.
 14953 | D:12     | 14953 ||| Stepping ~*~*~tactically~*~*~ (stealth).
 14954 | D:12     | 14954 ||| Stepping ~*~*~tactically~*~*~ (stealth).
 14957 | D:12     | Noticed Rupert
 14958 | D:12     | 14958 ||| INVOKING Heroism.
 14959 | D:12     | 14959 ||| INVOKING Finesse.
 14977 | D:12     | Killed Rupert
 15027 | D:12     | 15027 ||| Stepping ~*~*~tactically~*~*~ (stealth).
 15146 | D:12     | 15146 ||| Stepping ~*~*~tactically~*~*~ (stealth).
 15148 | D:12     | 15148 ||| Stepping ~*~*~tactically~*~*~ (stealth).
 15157 | D:12     | 15157 ||| READING scroll of enchant armour.
 15157 | D:12     | 15157 ||| ENCHANTING +1 helmet.
 15223 | D:12     | 15223 ||| Stepping ~*~*~tactically~*~*~ (hiding).
 15243 | D:12     | 15243 ||| INVOKING Heroism.
 15244 | D:12     | 15244 ||| INVOKING Finesse.
 15510 | D:12     | Noticed Urug
 15511 | D:12     | 15511 ||| INVOKING Heroism.
 15528 | D:12     | Killed Urug
 15529 | D:12     | Reached XP level 15. HP: 38/96 MP: 22/22
 15588 | D:12     | 15588 ||| UPGRADING to ring of positive energy.
 15594 | D:13     | 15594 ||| PLANNING GAUNTLET
 15605 | D:13     | 15605 ||| FLEEEEING.
 15607 | D:13     | 15607 ||| Stepping ~*~*~tactically~*~*~ (hiding).
 15670 | D:13     | 15670 ||| Stepping ~*~*~tactically~*~*~ (hiding).
 15719 | D:13     | 15719 ||| Stepping ~*~*~tactically~*~*~ (stealth).
 15809 | D:13     | Noticed Erolcha
 15818 | D:13     | Killed Erolcha
 15996 | D:13     | 15996 ||| INVOKING Heroism.
 15997 | D:13     | 15997 ||| READING 9 scrolls of teleportation.
 16019 | D:13     | 16019 ||| Stepping ~*~*~tactically~*~*~ (stealth).
 16021 | D:13     | 16021 ||| Stepping ~*~*~tactically~*~*~ (stealth).
 16023 | D:13     | 16023 ||| Stepping ~*~*~tactically~*~*~ (stealth).
 16025 | D:13     | 16025 ||| Stepping ~*~*~tactically~*~*~ (stealth).
 16027 | D:13     | 16027 ||| Stepping ~*~*~tactically~*~*~ (hiding).
 16041 | D:13     | Reached skill level 17 in Axes
 16141 | D:13     | 16141 ||| RIP GAUNTLET
 16193 | D:13     | 16193 ||| PLANNING D
 16246 | D:13     | Noticed Frances
 16247 | D:13     | 16247 ||| INVOKING Heroism.
 16262 | D:13     | Killed Frances
 16262 | D:13     | Received a gift from Okawaru
 16336 | D:13     | 16336 ||| Stepping ~*~*~tactically~*~*~ (stealth).
 16350 | D:13     | 16350 ||| INVOKING Heroism.
 16460 | D:13     | Noticed Snorg
 16466 | D:13     | Killed Snorg
 16481 | D:13     | 16481 ||| DRINKING 9 potions of curing.
 16481 | D:13     | 16481 ||| (to cure confusion)
 16580 | D:13     | 16580 ||| Stepping ~*~*~tactically~*~*~ (hiding).
 16581 | D:13     | 16581 ||| Stepping ~*~*~tactically~*~*~ (hiding).
 16582 | D:13     | 16582 ||| Stepping ~*~*~tactically~*~*~ (hiding).
 16583 | D:13     | 16583 ||| Stepping ~*~*~tactically~*~*~ (hiding).
 16811 | D:13     | 16811 ||| DROPPING scarf of invisibility.
 16896 | D:14     | Noticed Kirke
 16897 | D:14     | 16897 ||| INVOKING Heroism.
 16913 | D:14     | Killed Kirke
 16915 | D:14     | 16915 ||| Stepping ~*~*~tactically~*~*~ (stealth).
 16989 | D:14     | 16989 ||| Stepping ~*~*~tactically~*~*~ (stealth).
 17020 | D:14     | Noticed Louise
 17021 | D:14     | 17021 ||| INVOKING Heroism.
 17031 | D:14     | Killed Louise
 17031 | D:14     | Received a gift from Okawaru
 17055 | D:14     | Found a hazy altar of Hepliaklqana.
 17241 | D:14     | 17241 ||| INVOKING Heroism.
 17394 | D:14     | 17394 ||| INVOKING Heroism.
 17436 | D:14     | 17436 ||| Stepping ~*~*~tactically~*~*~ (stealth).
 17457 | D:14     | 17457 ||| INVOKING Heroism.
 17556 | D:14     | Found a gate to the Vaults.
 17649 | D:14     | 17649 ||| INVOKING Heroism.
 17652 | D:14     | 17652 ||| SWAPPING to +0 hand axe of flaming.
 17658 | D:14     | Received a gift from Okawaru
 17659 | D:14     | 17659 ||| SWAPPING to +0 broad axe of electrocution.
 17820 | D:14     | 17820 ||| UPGRADING to +0 tower shield.
 17830 | D:14     | 17830 ||| DROPPING +0 buckler.
 17831 | D:14     | 17831 ||| READING scroll labelled XEC OTHEXUS.
 17852 | D:15     | Entered Level 15 of the Dungeon
 17865 | D:15     | 17865 ||| INVOKING Heroism.
 17930 | D:15     | 17930 ||| READING scroll of enchant weapon.
 17930 | D:15     | 17930 ||| ENCHANTING +0 broad axe of electrocution.
 17934 | D:15     | 17934 ||| Stepping ~*~*~tactically~*~*~ (hiding).
 17935 | D:15     | 17935 ||| Stepping ~*~*~tactically~*~*~ (hiding).
 17965 | D:15     | Found a staircase to the Depths.
 17974 | D:15     | 17974 ||| Stepping ~*~*~tactically~*~*~ (stealth).
 17978 | D:15     | 17978 ||| Stepping ~*~*~tactically~*~*~ (stealth).
 17999 | D:15     | Reached skill level 9 in Shields
 18009 | D:15     | 18009 ||| INVOKING Heroism.
 18010 | D:15     | 18010 ||| Stepping ~*~*~tactically~*~*~ (stealth).
 18011 | D:15     | 18011 ||| Stepping ~*~*~tactically~*~*~ (stealth).
 18025 | D:15     | 18025 ||| Stepping ~*~*~tactically~*~*~ (stealth).
 18027 | D:15     | 18027 ||| Stepping ~*~*~tactically~*~*~ (stealth).
 18271 | D:15     | 18271 ||| Stepping ~*~*~tactically~*~*~ (hiding).
 18329 | D:15     | 18329 ||| INVOKING Heroism.
 18576 | D:15     | Noticed Jorgrun
 18577 | D:15     | 18577 ||| Stepping ~*~*~tactically~*~*~ (stealth).
 18578 | D:15     | 18578 ||| Stepping ~*~*~tactically~*~*~ (stealth).
 18579 | D:15     | 18579 ||| Stepping ~*~*~tactically~*~*~ (stealth).
 18581 | D:15     | 18581 ||| INVOKING Heroism.
 18602 | D:15     | HP: 13/98 [Jorgrun/staff of earth (14)]
 18603 | D:15     | 18603 ||| READING 11 scrolls of teleportation.
 18603 | D:15     | HP: 1/98 [constriction (8)]
 18604 | D:15     | 18604 ||| DRINKING 9 potions of heal wounds.
 18605 | D:15     | 18605 ||| DRINKING 8 potions of heal wounds.
 18615 | D:15     | 18615 ||| INVOKING Heroism.
 18628 | D:15     | Killed Jorgrun
 18795 | D:15     | 18795 ||| INVOKING Heroism.
 18800 | D:15     | Reached XP level 16. HP: 96/104 MP: 20/23
 19008 | D:15     | 19008 ||| Stepping ~*~*~tactically~*~*~ (hiding).
 19211 | D:15     | 19211 ||| PLANNING ORC
 19405 | Orc:1    | Entered Level 1 of the Orcish Mines
 19413 | Orc:1    | 19413 ||| INVOKING Heroism.
 19428 | Orc:1    | Reached skill level 12 in Shields
 19445 | Orc:1    | Received a gift from Okawaru
 19558 | Orc:1    | 19558 ||| INVOKING Heroism.
 19569 | Orc:1    | Gained mutation: You occasionally lose the ability to drink
                  | potions when taking damage. [a neqoxec]
 19607 | Orc:1    | 19607 ||| DRINKING 5 potions of mutation.
 19607 | Orc:1    | Lost mutation: You occasionally lose the ability to drink
                  | potions when taking damage. [potion of mutation]
 19607 | Orc:1    | Gained mutation: You are covered in fur. (AC +1) [potion of
                  | mutation]
 19607 | Orc:1    | Gained mutation: Your mind is acute. (Int +4, Str/Dex -1)
                  | [potion of mutation]
 19792 | Orc:1    | 19792 ||| UPGRADING to +2 plate armour of cold resistance.
 19802 | Orc:1    | 19802 ||| DROPPING +4 ring mail of Gagicu Fehi {Regen+
                  | Dex+3 Slay+2}.
 19803 | Orc:1    | 19803 ||| READING scroll of enchant armour.
 19803 | Orc:1    | 19803 ||| ENCHANTING +2 plate armour of cold resistance.
 19804 | Orc:1    | 19804 ||| DROPPING +0 chain mail of fire resistance.
 19818 | Orc:2    | Entered Level 2 of the Orcish Mines
 19834 | Orc:2    | 19834 ||| INVOKING Heroism.
 19873 | Orc:2    | HP: 20/104 [orc priest/divine providence (12)]
 19874 | Orc:2    | 19874 ||| READING 10 scrolls of teleportation.
 19875 | Orc:2    | 19875 ||| DRINKING 7 potions of heal wounds.
 19878 | Orc:2    | 19878 ||| DRINKING 6 potions of heal wounds.
 19953 | Orc:2    | 19953 ||| INVOKING Heroism.
 20064 | Orc:2    | Found a staircase to the Elven Halls.
 20204 | Orc:2    | 20204 ||| INVOKING Heroism.
 20209 | Orc:2    | Noticed Saint Roka
 20216 | Orc:2    | HP: 20/104 [orc priest/divine providence (15)]
 20217 | Orc:2    | 20217 ||| STAIRDANCE
 20217 | Orc:2    | HP: 9/104 [orc warrior/+0 glaive[Saint Roka] (12)]
 20217 | Orc:2    | Killed from afar by an orc priest

Levels and vault maps discovered:
D:1:      lightli_arrival_farm, layout_loops_corners,
          kennysheep_decorative_pillar, minmay_indecisive_spiral
D:2:      layout_loops_ring, serial_forest, infiniplex_forest_clump_diagonal,
          infiniplex_forest_lined_corner, infiniplex_forest_lined_2,
          infiniplex_forest_lined_4_way, infiniplex_forest_straight_4,
          ebering_ecumenical_altar_box, kennysheep_cross_room,
          grunt_ministairs_15
D:3:      layout_rooms, general_overflow_altar, minmay_misc_feat_rows,
          uniq_crazy_yiuf_cottage
D:4:      layout_loops_ring, serial_glass, glass_columns_c, glass_columns_a,
          grunt_ministairs_15
D:5:      layout_basic, kennysheep_slug_shrine, mainiacjoe_overflow_boulevard,
          minmay_statues_item, uniq_blork_the_orc
D:6:      layout_basic, minmay_temple_entry_poolview, kennysheep_generic_room_2
D:7:      layout_loops_ring, enter_bailey_2, uniq_joseph
D:8:      cheibrodos_iron_armory, layout_gridville,
          ashenzari_conservatory_becter, lair_entry_dummy,
          nicolae_ossuary_entry_false_entrances
D:9:      layout_rooms, kennysheep_little_box, kennysheep_generic_room_3
D:10:     layout_cave_pods, mainiacjoe_overflow_concentric_impassable,
          minmay_orc_entry_temple_small
D:11:     layout_big_octagon, uniq_harold
D:12:     layout_cave_pools, hangedman_cracks_in_the_wall, uniq_maurice,
          uniq_rupert, uniq_urug
D:13:     layout_basic, gauntlet_entry_generic, uniq_erolcha, uniq_frances,
          uniq_snorg
D:14:     layout_irregular_city, hangedman_vaults_entry_quadrant_bands,
          kennysheep_crisscross, nicolae_hepliaklqana_monster_ancestors,
          uniq_louise, uniq_kirke
D:15:     gammafunk_depths_entry_grave, layout_stronghold,
          serial_co_window_serial, co_window_corner_a, co_window_paths_b,
          co_window_paths_a, co_window_cross_1, co_window_paths_a,
          co_window_unsneaky_path_e, co_window_corner_cb,
          co_window_of_opportunity_c, co_window_2corner, co_window_broadway_b,
          co_window_paths_d, minmay_joined_circles, uniq_jorgrun
Temple:   compressed_dpeg_triangle_lava_temple
Lair:1:   layout_roguey, minivault_27, chequers_serial_rivers_micro_a,
          serial_bayou_shore_b, grunt_megastairs_2, serial_bayou_shore_b
Lair:2:   layout_cave_pods, spider_nest_entry_rubble, beast_lair_carwin_3
Lair:3:   layout_cave_pods, swamp_mist, serial_bayou, serial_bayou_pond_d,
          serial_bayou_pond_b, serial_bayou_ford_a, serial_bayou_pond_b,
          uniq_josephine
Lair:4:   layout_regular_city, lemuel_fruit_fields
Lair:5:   hellmonk_lair_end_abyssal_woods, layout_regular_city,
          nicolae_slime_entry_field_trip, evilmike_ambush
          [evilmike_ambush_outer_basic, evilmike_ambush_inner_pond],
          infiniplex_staircase_pool_2
Orc:1:    layout_caves
Orc:2:    st_orc_congregation, layout_caves, uniq_saint_roka

Skill      XL: |  1  2  3  4  5  6  7  8  9 10 11 12 13 14 15 16 |
---------------+-------------------------------------------------+-----
Axes           | 2 3 4 5 6 7 9 10 11 12 14 15 16 17 | 17.2
Fighting       | 4 5 6 7 9 10 11 12 13 | 13.0
Dodging        | 1 2 3 4 5 |  5.0
Throwing       | 1 4 6 7 |  7.2
Invocations    | 4 8 10 | 10.0
Shields        | 4 5 6 7 8 11 13 | 13.2
Armour         | 4 5 6 7 8 |  8.0

Action                     |  1- 3 |  4- 6 |  7- 9 | 10-12 | 13-15 | 16-18 || total
---------------------------+-------+-------+-------+-------+-------+-------++-------
  Melee: War axe           |    94 |   171 |     1 |       |       |       ||   266
         Broad axe         |       |       |   187 |   370 |  1066 |   164 ||  1787
         Hand axe          |       |       |       |     8 |     6 |       ||    14
  Throw: Boomerang         |       |    11 |    42 |    31 |     9 |       ||    93
         Javelin           |       |       |       |     9 |   177 |     9 ||   195
 Invoke: Heroism           |       |       |     5 |    20 |    29 |     5 ||    59
         Finesse           |       |       |       |       |     4 |       ||     4
    Use: Scroll            |     2 |     8 |    11 |     5 |    10 |     2 ||    38
         Potion            |     1 |     4 |     2 |       |     4 |     3 ||    14
   Stab: Paralysed         |       |       |       |       |     2 |       ||     2
         Distracted        |       |       |       |       |     1 |       ||     1
 Armour: Scale mail        |    46 |    56 |       |       |       |       ||   102
         Ring mail         |       |    32 |    90 |   175 |   487 |    30 ||   814
         Skin              |       |     2 |       |       |       |       ||     2
         Plate armour      |       |       |       |       |       |    80 ||    80
  Dodge: Dodged            |    31 |    78 |    86 |   211 |   380 |    88 ||   874
  Block: Buckler           |     9 |    39 |    44 |    97 |   198 |       ||   387
         Tower shield      |       |       |       |       |    68 |   229 ||   297

Table legend:
 A = Non-vault XP
 B = Vault XP
 C = Vault XP percentage of total XP
 D = Non-vault monster count
 E = Vault monster count
 F = Vault count percentage of total count
                 A         B        C        D         E       F
            +---------+---------+-------+---------+---------+-------
      Total |   88066 |   53948 |  38.0 |     482 |     188 |  28.1
            +---------+---------+-------+---------+---------+-------
        D:1 |      48 |       7 |  12.7 |      27 |       4 |  12.9
        D:2 |      43 |       3 |   6.5 |      17 |       2 |  10.5
        D:3 |      21 |       0 |   0.0 |      10 |       0 |   0.0
        D:4 |     170 |       4 |   2.3 |      14 |       2 |  12.5
        D:5 |     512 |      95 |  15.7 |      27 |       2 |   6.9
        D:6 |     884 |      49 |   5.3 |      22 |       2 |   8.3
        D:7 |     862 |     460 |  34.8 |      21 |       1 |   4.5
        D:8 |     943 |     275 |  22.6 |      12 |       2 |  14.3
        D:9 |    3749 |     217 |   5.5 |      23 |       1 |   4.2
       D:10 |    2175 |     205 |   8.6 |      11 |      10 |  47.6
       D:11 |    3334 |     860 |  20.5 |      19 |       1 |   5.0
       D:12 |    6065 |    5956 |  49.5 |      23 |      16 |  41.0
       D:13 |    5543 |    3288 |  37.2 |      17 |       3 |  15.0
       D:14 |    5484 |    9399 |  63.2 |      16 |      27 |  62.8
       D:15 |    9790 |   10680 |  52.2 |      18 |      17 |  48.6
     Lair:1 |    6158 |     214 |   3.4 |      28 |       1 |   3.4
     Lair:2 |   10533 |    1491 |  12.4 |      45 |       6 |  11.8
     Lair:3 |    7160 |    3788 |  34.6 |      22 |      12 |  35.3
     Lair:4 |    4653 |       0 |   0.0 |      14 |       0 |   0.0
     Lair:5 |   12018 |   13812 |  53.5 |      25 |      48 |  65.8
      Orc:1 |    6191 |       0 |   0.0 |      44 |       0 |   0.0
      Orc:2 |    1730 |    3145 |  64.5 |      27 |      31 |  53.4
            +---------+---------+-------+---------+---------+-------
